3025 views
Uploaded 2020-02-22 23:54:11
Game version 1.32 / 1.32.1
14:50 long 4on4 ladder game on (8)Feralas_LV
Saved by Teelo
3025 views
Uploaded 2020-02-22 23:54:11
Game version 1.32 / 1.32.1
14:50 long 4on4 ladder game on (8)Feralas_LV

144 units @ 17.9k
/ 2.1k
85 buildings @ 12.1k
/ 5.9k


| Orb of Venom | 1 | 325 |
| Potion of Healing | 2 | 300 |
| Staff of Preservation | 1 | 150 |
| Scroll of Town Portal | 1 | 350 |
| total: | 5 | 1125g |
| Wisp | 17 | 1020 | / | 0 |
| Archer | 19 | 2470 | / | 190 |
| Hippogryph | 2 | 320 | / | 40 |
| total: | 38 | 3810g | / | 230w |
| Moon Well | 4 | 720 | / | 160 |
| Ancient of War | 1 | 150 | / | 60 |
| Altar of Elders | 1 | 180 | / | 50 |
| Hunter's Hall | 1 | 210 | / | 100 |
| Tree of Life | 1 | 340 | / | 185 |
| Ancient of Wonders | 1 | 90 | / | 30 |
| Ancient of Wind | 1 | 150 | / | 140 |
| Tree of Ages | 1 | 320 | / | 180 |
| Tree of Eternity | 1 | 330 | / | 200 |
| total: | 10 | 1840g | / | 725w |
| 0:03 | Wisp |
| 0:04 | Wisp |
| 0:08 | Moon Well |
| 0:23 | Ancient of War |
| 0:26 | Wisp |
| 0:37 | Altar of Elders |
| 0:43 | Wisp |
| 0:52 | Wisp |
| 1:16 | Wisp |
| 1:25 | Archer |
| 1:32 | Moon Well |
| 1:42 | Archer |
| 1:48 | Wisp |
| 2:17 | Hunter's Hall |
| 2:23 | Archer |
| 2:29 | Wisp |
| 2:49 | Trueshot Aura |
| 2:54 | Archer |
| 3:05 | Archer |
| 3:12 | Moon Well |
| 3:26 | Strength of the Moon |
| 4:37 | Archer |
| 4:38 | Moon Armor |
| 4:39 | Tree of Ages |
| 5:07 | Archer |
| 5:09 | Ultravision |
| 5:12 | Moon Well |
| 5:24 | Searing Arrows |
| 5:27 | Archer |
| 5:57 | Archer |
| 6:04 | Tree of Life |
| 7:02 | Improved Strength of the Moon |
| 7:07 | Wisp |
| 7:07 | Wisp |
| 7:11 | Archer |
| 7:57 | Improved Bows |
| 8:04 | Wisp |
| 8:04 | Wisp |
| 9:25 | Archer |
| 9:25 | Archer |
| 9:26 | Improved Moon Armor |
| 9:28 | Tree of Eternity |
| 9:30 | Wisp |
| 9:30 | Wisp |
| 9:30 | Wisp |
| 9:30 | Wisp |
| 9:31 | Wisp |
| 10:15 | Archer |
| 10:22 | Archer |
| 10:44 | Ancient of Wind |
| 10:51 | Archer |
| 10:54 | Reinforced Hides |
| 10:58 | Archer |
| 11:28 | Trueshot Aura |
| 11:37 | Archer |
| 11:56 | Ancient of Wonders |
| 12:03 | Hippogryph |
| 12:09 | Searing Arrows |
| 12:11 | Advanced Strength of the Moon |
| 12:14 | Archer |
| 12:14 | Marksmanship |
| 12:25 | Hippogryph |
| 12:28 | Archer |
| 13:17 | Orb of Venom |
| 13:17 | Scroll of Town Portal |
| 13:17 | Potion of Healing |
| 13:18 | Potion of Healing |
| 13:19 | Staff of Preservation |
| 13:22 | Evasion |
| Right click | 355 |
| Select | 244 |
| Chat | 138 |
| Build/train/purchase | 68 |
| Misc. action | 24 |
| Item give/drop | 4 |
| Use ability | 3 |
| Minimap ping | 2 |

| Healing Salve | 1 | 100 |
| Potion of Healing | 1 | 150 |
| Scroll of Town Portal | 1 | 350 |
| total: | 3 | 600g |
| Peon | 22 | 1650 | / | 0 |
| Shaman | 4 | 520 | / | 80 |
| Wind Rider | 4 | 1060 | / | 160 |
| total: | 30 | 3230g | / | 240w |
| Watch Tower | 26 | 2860 | / | 2080 |
| Altar of Storms | 1 | 180 | / | 50 |
| Orc Burrow | 7 | 1120 | / | 280 |
| War Mill | 1 | 205 | / | 0 |
| Great Hall | 1 | 385 | / | 185 |
| Voodoo Lounge | 2 | 260 | / | 60 |
| Spirit Lodge | 1 | 150 | / | 150 |
| Beastiary | 3 | 435 | / | 420 |
| Stronghold | 1 | 315 | / | 190 |
| Fortress | 1 | 325 | / | 190 |
| total: | 42 | 5595g | / | 3225w |
| 0:02 | Peon |
| 0:02 | Peon |
| 0:02 | Peon |
| 0:20 | Altar of Storms |
| 0:34 | Orc Burrow |
| 0:39 | Peon |
| 0:39 | Peon |
| 0:49 | War Mill |
| 1:02 | Peon |
| 1:02 | Peon |
| 1:16 | Peon |
| 1:16 | Peon |
| 1:17 | Peon |
| 1:31 | Orc Burrow |
| 2:00 | Peon |
| 2:00 | Peon |
| 2:12 | Watch Tower |
| 2:26 | Watch Tower |
| 2:39 | Feral Spirit |
| 2:45 | Peon |
| 2:46 | Peon |
| 2:51 | Watch Tower |
| 2:58 | Watch Tower |
| 3:09 | Watch Tower |
| 3:18 | Peon |
| 3:18 | Peon |
| 3:50 | Stronghold |
| 3:59 | Far Sight |
| 4:07 | Watch Tower |
| 4:10 | Watch Tower |
| 4:18 | Steel Armor |
| 4:54 | Watch Tower |
| 5:01 | Watch Tower |
| 5:04 | Spiked Barricades |
| 5:23 | Orc Burrow |
| 5:25 | Orc Burrow |
| 5:30 | Watch Tower |
| 5:34 | Watch Tower |
| 6:06 | Watch Tower |
| 6:15 | Spirit Lodge |
| 6:20 | Peon |
| 6:20 | Peon |
| 6:34 | Watch Tower |
| 6:46 | Great Hall |
| 7:03 | Watch Tower |
| 7:08 | Watch Tower |
| 7:26 | Watch Tower |
| 7:36 | Improved Spiked Barricades |
| 8:06 | Peon |
| 8:07 | Peon |
| 8:07 | Peon |
| 8:07 | Peon |
| 8:11 | Watch Tower |
| 8:21 | Watch Tower |
| 8:37 | Watch Tower |
| 8:43 | Feral Spirit |
| 9:07 | Shaman Adept Training |
| 9:09 | Fortress |
| 9:18 | Watch Tower |
| 9:27 | Watch Tower |
| 9:47 | Watch Tower |
| 9:54 | Voodoo Lounge |
| 10:17 | Shaman |
| 10:17 | Shaman |
| 10:21 | Watch Tower |
| 10:30 | Watch Tower |
| 10:55 | Watch Tower |
| 10:59 | Watch Tower |
| 11:03 | Healing Salve |
| 11:04 | Scroll of Town Portal |
| 11:08 | Potion of Healing |
| 11:14 | Beastiary |
| 11:26 | Beastiary |
| 11:36 | Voodoo Lounge |
| 12:02 | Shaman Master Training |
| 12:08 | Shaman |
| 12:09 | Shaman |
| 12:43 | Envenomed Spears |
| 12:44 | Wind Rider |
| 13:39 | Wind Rider |
| 13:42 | Orc Burrow |
| 13:43 | Orc Burrow |
| 13:44 | Orc Burrow |
| 13:48 | Beastiary |
| 13:51 | Steel Ranged Weapons |
| 14:20 | Wind Rider |
| 14:21 | Wind Rider |
| Right click | 321 |
| Select group | 267 |
| Chat | 197 |
| Select | 146 |
| Build/train/purchase | 63 |
| Misc. action | 59 |
| Assign group | 53 |
| Use ability | 17 |
| Minimap ping | 5 |
| Item give/drop | 1 |
| Remove unit | 1 |

| Lesser Clarity Potion | 3 | 210 |
| Scroll of Regeneration | 2 | 200 |
| Potion of Healing | 1 | 150 |
| Scroll of Healing | 2 | 500 |
| Boots of Speed | 1 | 250 |
| Scroll of Protection | 2 | 300 |
| Potion of Lesser Invulnerability | 1 | 150 |
| total: | 12 | 1760g |
| Peasant | 12 | 900 | / | 0 |
| Footman | 21 | 2835 | / | 0 |
| Rifleman | 3 | 615 | / | 90 |
| Knight | 6 | 1470 | / | 360 |
| Gryphon Rider | 2 | 560 | / | 140 |
| Forest Troll Shadow Priest | 1 | 195 | / | 10 |
| Forest Troll Berserker | 1 | 245 | / | 30 |
| total: | 46 | 6820g | / | 630w |
| Altar of Kings | 1 | 180 | / | 50 |
| Farm | 10 | 800 | / | 200 |
| Barracks | 3 | 480 | / | 180 |
| Town Hall | 1 | 385 | / | 205 |
| Lumber Mill | 1 | 120 | / | 0 |
| Blacksmith | 1 | 140 | / | 60 |
| Arcane Vault | 1 | 130 | / | 30 |
| Gryphon Aviary | 2 | 280 | / | 300 |
| Keep | 1 | 320 | / | 210 |
| Castle | 1 | 360 | / | 210 |
| total: | 20 | 2515g | / | 1025w |
| 0:03 | Peasant |
| 0:03 | Peasant |
| 0:21 | Altar of Kings |
| 0:30 | Peasant |
| 0:30 | Peasant |
| 0:35 | Farm |
| 0:51 | Barracks |
| 0:56 | Peasant |
| 0:56 | Peasant |
| 1:06 | Farm |
| 1:10 | Peasant |
| 1:10 | Peasant |
| 1:31 | Peasant |
| 1:32 | Peasant |
| 1:52 | Farm |
| 1:53 | Footman |
| 1:53 | Footman |
| 1:54 | Footman |
| 2:19 | Flame Strike |
| 2:36 | Footman |
| 3:04 | Siphon Mana |
| 3:15 | Town Hall |
| 3:23 | Farm |
| 3:25 | Footman |
| 3:25 | Footman |
| 4:08 | Footman |
| 4:51 | Footman |
| 4:54 | Peasant |
| 4:54 | Peasant |
| 5:48 | Keep |
| 5:49 | Footman |
| 5:49 | Footman |
| 5:51 | Barracks |
| 5:53 | Lumber Mill |
| 5:58 | Blacksmith |
| 6:05 | Arcane Vault |
| 6:35 | Flame Strike |
| 6:45 | Footman |
| 6:45 | Footman |
| 6:58 | Footman |
| 7:02 | Farm |
| 7:04 | Boots of Speed |
| 7:23 | Scroll of Protection |
| 7:23 | Scroll of Healing |
| 7:24 | Potion of Lesser Invulnerability |
| 7:47 | Iron Forged Swords |
| 7:50 | Forest Troll Shadow Priest |
| 7:51 | Forest Troll Berserker |
| 9:05 | Siphon Mana |
| 9:39 | Rifleman |
| 9:40 | Castle |
| 9:46 | Black Gunpowder |
| 9:49 | Barracks |
| 9:52 | Farm |
| 9:55 | Farm |
| 9:59 | Farm |
| 10:01 | Farm |
| 10:03 | Farm |
| 10:07 | Rifleman |
| 10:07 | Rifleman |
| 10:39 | Footman |
| 10:39 | Footman |
| 10:59 | Gryphon Aviary |
| 11:06 | Footman |
| 11:06 | Footman |
| 11:06 | Footman |
| 11:18 | Gryphon Aviary |
| 11:26 | Footman |
| 11:26 | Footman |
| 11:26 | Footman |
| 11:36 | Lesser Clarity Potion |
| 11:39 | Scroll of Regeneration |
| 11:41 | Lesser Clarity Potion |
| 11:58 | Long Rifles |
| 12:27 | Scroll of Protection |
| 12:37 | Scroll of Healing |
| 13:40 | Knight |
| 13:41 | Knight |
| 13:41 | Knight |
| 13:56 | Lesser Clarity Potion |
| 14:01 | Potion of Healing |
| 14:09 | Scroll of Regeneration |
| 14:36 | Knight |
| 14:37 | Knight |
| 14:37 | Knight |
| 14:38 | Gryphon Rider |
| 14:38 | Gryphon Rider |
| Select group | 251 |
| Select | 220 |
| Right click | 197 |
| Misc. action | 113 |
| Build/train/purchase | 92 |
| Assign group | 20 |
| Use ability | 19 |
| Item give/drop | 1 |
| Remove unit | 1 |


| Lesser Clarity Potion | 2 | 140 |
| Orb of Venom | 1 | 325 |
| Scroll of Town Portal | 1 | 350 |
| total: | 4 | 815g |
| Wisp | 13 | 780 | / | 0 |
| Archer | 4 | 520 | / | 40 |
| Dryad | 9 | 1305 | / | 540 |
| Mountain Giant | 4 | 1400 | / | 400 |
| total: | 30 | 4005g | / | 980w |
| Altar of Elders | 1 | 180 | / | 50 |
| Moon Well | 6 | 1080 | / | 240 |
| Ancient of War | 1 | 150 | / | 60 |
| Hunter's Hall | 1 | 210 | / | 100 |
| Ancient of Wonders | 1 | 90 | / | 30 |
| Ancient of Lore | 3 | 465 | / | 435 |
| Tree of Ages | 1 | 320 | / | 180 |
| Tree of Eternity | 1 | 330 | / | 200 |
| total: | 13 | 2175g | / | 915w |
| 0:04 | Wisp |
| 0:12 | Wisp |
| 0:21 | Altar of Elders |
| 0:34 | Wisp |
| 0:39 | Moon Well |
| 0:44 | Wisp |
| 0:56 | Ancient of War |
| 0:59 | Wisp |
| 1:15 | Wisp |
| 1:34 | Wisp |
| 1:35 | Wisp |
| 1:35 | Wisp |
| 1:45 | Moon Well |
| 2:03 | Archer |
| 2:39 | Archer |
| 2:41 | Tree of Ages |
| 2:50 | Force of Nature |
| 3:33 | Hunter's Hall |
| 3:36 | Moon Well |
| 4:16 | Entangling Roots |
| 5:13 | Ancient of Lore |
| 5:17 | Ancient of Lore |
| 5:29 | Ancient of Wonders |
| 5:37 | Ancient of Lore |
| 5:52 | Wisp |
| 5:53 | Wisp |
| 6:10 | Evasion |
| 6:30 | Dryad |
| 6:40 | Reinforced Hides |
| 6:49 | Dryad |
| 6:52 | Wisp |
| 7:03 | Dryad |
| 7:07 | Moon Well |
| 7:10 | Tree of Eternity |
| 7:17 | Dryad |
| 7:36 | Abolish Magic |
| 7:59 | Strength of the Wild |
| 8:48 | Dryad |
| 8:49 | Dryad |
| 8:51 | Improved Reinforced Hides |
| 9:22 | Mana Burn |
| 9:27 | Force of Nature |
| 9:36 | Mountain Giant |
| 9:39 | Mountain Giant |
| 10:18 | Improved Strength of the Wild |
| 10:20 | Dryad |
| 10:21 | Dryad |
| 10:27 | Moon Well |
| 11:28 | Resistant Skin |
| 11:30 | Mountain Giant |
| 11:32 | Hardened Skin |
| 11:34 | Wisp |
| 12:17 | Moon Well |
| 13:39 | Mountain Giant |
| 13:41 | Dryad |
| 13:44 | Archer |
| 13:58 | Lesser Clarity Potion |
| 13:59 | Scroll of Town Portal |
| 13:59 | Orb of Venom |
| 14:04 | Lesser Clarity Potion |
| 14:08 | Archer |
| Right click | 310 |
| Select | 219 |
| Chat | 158 |
| Select group | 127 |
| Build/train/purchase | 55 |
| Misc. action | 48 |
| Assign group | 22 |
| Use ability | 15 |
146 units @ 16.7k
/ 1.9k
86 buildings @ 10.7k
/ 4.4k


| Potion of Healing | 1 | 150 |
| Potion of Mana | 1 | 200 |
| Staff of Preservation | 1 | 150 |
| Moonstone | 1 | 50 |
| Scroll of Town Portal | 2 | 700 |
| total: | 6 | 1250g |
| Wisp | 23 | 1380 | / | 0 |
| Archer | 13 | 1690 | / | 130 |
| Hippogryph | 6 | 960 | / | 120 |
| total: | 42 | 4030g | / | 250w |
| Ancient Protector | 3 | 405 | / | 240 |
| Moon Well | 3 | 540 | / | 120 |
| Altar of Elders | 1 | 180 | / | 50 |
| Ancient of War | 2 | 300 | / | 120 |
| Hunter's Hall | 1 | 210 | / | 100 |
| Ancient of Wonders | 1 | 90 | / | 30 |
| Tree of Life | 2 | 680 | / | 370 |
| Ancient of Wind | 2 | 300 | / | 280 |
| Tree of Ages | 1 | 320 | / | 180 |
| total: | 15 | 2705g | / | 1310w |
| 0:01 | Wisp |
| 0:06 | Moon Well |
| 0:12 | Altar of Elders |
| 0:13 | Wisp |
| 0:27 | Wisp |
| 0:43 | Wisp |
| 0:57 | Wisp |
| 1:07 | Ancient of War |
| 1:25 | Moon Well |
| 1:27 | Wisp |
| 1:35 | Wisp |
| 1:54 | Wisp |
| 2:12 | Searing Arrows |
| 2:19 | Archer |
| 2:29 | Ancient of War |
| 2:36 | Wisp |
| 2:36 | Wisp |
| 2:38 | Archer |
| 2:49 | Moon Well |
| 3:07 | Tree of Ages |
| 3:16 | Archer |
| 3:38 | Archer |
| 3:40 | Archer |
| 4:11 | Archer |
| 4:12 | Archer |
| 4:25 | Archer |
| 5:05 | Trueshot Aura |
| 5:08 | Archer |
| 5:08 | Archer |
| 5:14 | Hunter's Hall |
| 5:18 | Ancient of Wonders |
| 5:56 | Tree of Life |
| 5:59 | Searing Arrows |
| 6:07 | Wisp |
| 6:51 | Strength of the Moon |
| 6:56 | Ancient of Wind |
| 7:15 | Frost Arrows |
| 7:58 | Scroll of Town Portal |
| 7:59 | Potion of Healing |
| 8:00 | Potion of Mana |
| 8:00 | Staff of Preservation |
| 8:36 | Archer |
| 8:36 | Archer |
| 8:37 | Hippogryph |
| 8:42 | Ancient of Wind |
| 9:11 | Trueshot Aura |
| 9:55 | Tree of Life |
| 10:02 | Improved Strength of the Moon |
| 10:04 | Hippogryph |
| 10:06 | Improved Bows |
| 10:08 | Archer |
| 10:36 | Hippogryph |
| 10:56 | Hippogryph |
| 11:02 | Moonstone |
| 11:19 | Wisp |
| 11:20 | Wisp |
| 11:26 | Ancient Protector |
| 11:50 | Hippogryph |
| 12:04 | Scroll of Town Portal |
| 12:20 | Wisp |
| 12:21 | Wisp |
| 12:22 | Wisp |
| 12:36 | Moon Armor |
| 12:55 | Hippogryph |
| 13:08 | Mana Shield |
| 13:55 | Wisp |
| 13:56 | Wisp |
| 13:56 | Wisp |
| 13:56 | Wisp |
| 13:57 | Wisp |
| 13:57 | Wisp |
| 13:57 | Wisp |
| 14:01 | Ancient Protector |
| 14:03 | Ancient Protector |
| 14:43 | Trueshot Aura |
| 14:46 | Frost Arrows |
| Right click | 573 |
| Select | 329 |
| Build/train/purchase | 72 |
| Misc. action | 50 |
| Use ability | 6 |
| Item give/drop | 3 |
| Assign group | 2 |
| Esc | 1 |


| Scroll of Regeneration | 4 | 400 |
| Ivory Tower | 2 | 80 |
| Mechanical Critter | 2 | 100 |
| Scroll of Town Portal | 1 | 350 |
| total: | 9 | 930g |
| Peasant | 22 | 1650 | / | 0 |
| Rifleman | 8 | 1640 | / | 240 |
| Mortar Team | 7 | 1260 | / | 490 |
| Priest | 1 | 135 | / | 10 |
| total: | 38 | 4685g | / | 740w |
| Scout Tower | 8 | 240 | / | 160 |
| Guard Tower | 7 | 490 | / | 350 |
| Farm | 19 | 1520 | / | 380 |
| Blacksmith | 1 | 140 | / | 60 |
| Barracks | 1 | 160 | / | 60 |
| Altar of Kings | 1 | 180 | / | 50 |
| Town Hall | 1 | 385 | / | 205 |
| Arcane Vault | 1 | 130 | / | 30 |
| Lumber Mill | 1 | 120 | / | 0 |
| Workshop | 1 | 140 | / | 140 |
| Arcane Sanctum | 1 | 150 | / | 140 |
| Keep | 1 | 320 | / | 210 |
| Castle | 1 | 360 | / | 210 |
| total: | 35 | 3165g | / | 1225w |
| 0:02 | Peasant |
| 0:02 | Peasant |
| 0:04 | Peasant |
| 0:22 | Peasant |
| 0:35 | Farm |
| 0:39 | Peasant |
| 0:49 | Blacksmith |
| 0:53 | Peasant |
| 1:04 | Barracks |
| 1:09 | Peasant |
| 1:19 | Altar of Kings |
| 1:23 | Peasant |
| 1:33 | Farm |
| 1:37 | Peasant |
| 1:49 | Farm |
| 2:08 | Rifleman |
| 2:21 | Rifleman |
| 2:29 | Farm |
| 2:34 | Peasant |
| 2:53 | Rifleman |
| 3:00 | Peasant |
| 3:20 | Storm Bolt |
| 3:21 | Rifleman |
| 3:34 | Farm |
| 3:48 | Rifleman |
| 4:19 | Peasant |
| 4:32 | Bash |
| 4:46 | Town Hall |
| 4:59 | Peasant |
| 5:12 | Peasant |
| 5:29 | Keep |
| 5:32 | Storm Bolt |
| 5:49 | Arcane Vault |
| 5:52 | Peasant |
| 5:57 | Peasant |
| 6:03 | Peasant |
| 6:15 | Peasant |
| 6:26 | Peasant |
| 6:27 | Peasant |
| 6:30 | Lumber Mill |
| 6:31 | Black Gunpowder |
| 6:32 | Studded Leather Armor |
| 6:36 | Rifleman |
| 6:57 | Scroll of Regeneration |
| 7:03 | Farm |
| 7:04 | Farm |
| 7:05 | Farm |
| 7:06 | Farm |
| 7:10 | Scout Tower |
| 7:10 | Scout Tower |
| 7:12 | Farm |
| 7:13 | Farm |
| 7:13 | Farm |
| 7:14 | Farm |
| 7:15 | Scout Tower |
| 7:15 | Scout Tower |
| 7:23 | Scroll of Regeneration |
| 7:38 | Guard Tower |
| 7:53 | Long Rifles |
| 8:31 | Thunder Clap |
| 8:44 | Workshop |
| 8:55 | Siphon Mana |
| 9:02 | Rifleman |
| 9:26 | Rifleman |
| 9:49 | Peasant |
| 9:49 | Peasant |
| 10:00 | Mortar Team |
| 10:00 | Mortar Team |
| 10:08 | Improved Masonry |
| 10:11 | Improved Lumber Harvesting |
| 10:14 | Scroll of Regeneration |
| 10:14 | Ivory Tower |
| 10:14 | Ivory Tower |
| 10:16 | Scroll of Regeneration |
| 10:29 | Scout Tower |
| 10:30 | Scout Tower |
| 10:30 | Scout Tower |
| 10:31 | Scout Tower |
| 10:37 | Mortar Team |
| 10:49 | Guard Tower |
| 10:54 | Refined Gunpowder |
| 10:58 | Guard Tower |
| 11:01 | Guard Tower |
| 11:14 | Mortar Team |
| 11:22 | Guard Tower |
| 11:34 | Arcane Sanctum |
| 11:50 | Banish |
| 12:04 | Guard Tower |
| 12:13 | Mortar Team |
| 12:13 | Mortar Team |
| 12:18 | Guard Tower |
| 12:21 | Farm |
| 12:22 | Farm |
| 12:22 | Farm |
| 12:23 | Farm |
| 12:23 | Farm |
| 12:24 | Farm |
| 12:34 | Advanced Masonry |
| 12:38 | Flare |
| 13:08 | Scroll of Town Portal |
| 13:08 | Mechanical Critter |
| 13:08 | Mechanical Critter |
| 13:48 | Storm Bolt |
| 14:00 | Mortar Team |
| 14:03 | Priest Adept Training |
| 14:03 | Magic Sentry |
| 14:04 | Priest |
| 14:05 | Castle |
| 14:35 | Reinforced Leather Armor |
| Select group | 918 |
| Right click | 817 |
| Select | 209 |
| Build/train/purchase | 95 |
| Misc. action | 85 |
| Assign group | 81 |
| Use ability | 35 |
| Item give/drop | 2 |
| Remove unit | 1 |
| Esc | 1 |



| Orb of Venom | 1 | 325 |
| Scroll of Town Portal | 1 | 350 |
| Scroll of Protection | 1 | 150 |
| Boots of Speed | 1 | 250 |
| Scroll of Regeneration | 1 | 100 |
| total: | 5 | 1175g |
| Wisp | 18 | 1080 | / | 0 |
| Archer | 13 | 1690 | / | 130 |
| Hippogryph | 8 | 1280 | / | 160 |
| total: | 39 | 4050g | / | 290w |
| Moon Well | 6 | 1080 | / | 240 |
| Altar of Elders | 1 | 180 | / | 50 |
| Ancient of War | 1 | 150 | / | 60 |
| Ancient of Wonders | 1 | 90 | / | 30 |
| Tree of Life | 1 | 340 | / | 185 |
| Hunter's Hall | 1 | 210 | / | 100 |
| Ancient of Wind | 1 | 150 | / | 140 |
| Tree of Ages | 1 | 320 | / | 180 |
| Tree of Eternity | 1 | 330 | / | 200 |
| total: | 12 | 2200g | / | 805w |
| 0:04 | Wisp |
| 0:04 | Wisp |
| 0:04 | Wisp |
| 0:23 | Moon Well |
| 0:35 | Altar of Elders |
| 0:42 | Wisp |
| 0:49 | Ancient of War |
| 0:56 | Wisp |
| 0:56 | Wisp |
| 0:56 | Wisp |
| 0:56 | Wisp |
| 1:39 | Moon Well |
| 1:53 | Archer |
| 2:04 | Moon Well |
| 2:11 | Ancient of Wonders |
| 2:13 | Archer |
| 2:31 | Archer |
| 2:33 | Wisp |
| 2:33 | Wisp |
| 2:38 | Trueshot Aura |
| 2:51 | Archer |
| 3:02 | Archer |
| 3:04 | Wisp |
| 3:23 | Archer |
| 3:26 | Wisp |
| 3:26 | Wisp |
| 4:15 | Searing Arrows |
| 4:23 | Tree of Ages |
| 4:30 | Tree of Life |
| 4:50 | Hunter's Hall |
| 5:05 | Moon Well |
| 5:18 | Archer |
| 5:26 | Moon Well |
| 6:05 | Trueshot Aura |
| 6:17 | Archer |
| 6:19 | Strength of the Moon |
| 6:20 | Ultravision |
| 6:51 | Black Arrow |
| 6:59 | Wisp |
| 6:59 | Wisp |
| 6:59 | Wisp |
| 6:59 | Wisp |
| 7:02 | Wisp |
| 7:51 | Tree of Eternity |
| 7:54 | Ancient of Wind |
| 8:02 | Improved Bows |
| 8:54 | Archer |
| 8:54 | Archer |
| 8:56 | Silence |
| 9:27 | Searing Arrows |
| 9:52 | Improved Strength of the Moon |
| 9:55 | Hippogryph |
| 9:55 | Hippogryph |
| 9:56 | Hippogryph |
| 9:58 | Moon Well |
| 10:28 | Silence |
| 11:04 | Hippogryph |
| 11:05 | Hippogryph |
| 11:08 | Marksmanship |
| 11:22 | Frost Arrows |
| 11:44 | Scroll of Protection |
| 11:45 | Boots of Speed |
| 12:04 | Hippogryph |
| 12:06 | Archer |
| 12:08 | Advanced Strength of the Moon |
| 12:09 | Well Spring |
| 12:15 | Scroll of Regeneration |
| 13:23 | Scroll of Town Portal |
| 13:23 | Orb of Venom |
| 13:27 | Hippogryph |
| 13:27 | Hippogryph |
| 13:30 | Archer |
| 13:30 | Archer |
| 14:28 | Trueshot Aura |
| 14:44 | Life Drain |
| Right click | 373 |
| Select group | 303 |
| Select | 262 |
| Misc. action | 143 |
| Build/train/purchase | 77 |
| Assign group | 55 |
| Minimap ping | 6 |
| Use ability | 5 |
| Item give/drop | 4 |

| Scroll of Regeneration | 1 | 100 |
| Lesser Clarity Potion | 1 | 70 |
| Potion of Healing | 1 | 150 |
| Orb of Fire | 1 | 325 |
| Scroll of Town Portal | 2 | 700 |
| total: | 6 | 1345g |
| Peasant | 12 | 900 | / | 0 |
| Rifleman | 12 | 2460 | / | 360 |
| Mortar Team | 3 | 540 | / | 210 |
| total: | 27 | 3900g | / | 570w |
| Scout Tower | 2 | 60 | / | 40 |
| Arcane Tower | 1 | 70 | / | 50 |
| Guard Tower | 1 | 70 | / | 50 |
| Altar of Kings | 1 | 180 | / | 50 |
| Farm | 13 | 1040 | / | 260 |
| Barracks | 2 | 320 | / | 120 |
| Lumber Mill | 1 | 120 | / | 0 |
| Blacksmith | 1 | 140 | / | 60 |
| Arcane Vault | 1 | 130 | / | 30 |
| Town Hall | 1 | 385 | / | 205 |
| Workshop | 2 | 280 | / | 280 |
| Keep | 1 | 320 | / | 210 |
| Castle | 1 | 360 | / | 210 |
| total: | 24 | 2655g | / | 1045w |
| 0:09 | Altar of Kings |
| 0:13 | Peasant |
| 0:13 | Peasant |
| 0:19 | Farm |
| 0:21 | Farm |
| 0:48 | Peasant |
| 0:48 | Peasant |
| 0:48 | Peasant |
| 1:09 | Barracks |
| 1:15 | Lumber Mill |
| 1:18 | Peasant |
| 1:28 | Peasant |
| 1:49 | Blacksmith |
| 2:14 | Barracks |
| 2:23 | Farm |
| 2:29 | Farm |
| 2:43 | Storm Bolt |
| 2:51 | Scout Tower |
| 2:52 | Peasant |
| 3:06 | Farm |
| 3:16 | Rifleman |
| 3:17 | Rifleman |
| 3:33 | Rifleman |
| 3:41 | Farm |
| 3:46 | Farm |
| 4:03 | Arcane Tower |
| 4:15 | Keep |
| 4:41 | Arcane Vault |
| 4:47 | Bash |
| 4:53 | Rifleman |
| 4:55 | Rifleman |
| 5:40 | Rifleman |
| 5:48 | Town Hall |
| 5:58 | Scroll of Regeneration |
| 6:10 | Farm |
| 6:11 | Farm |
| 6:50 | Workshop |
| 6:55 | Peasant |
| 6:55 | Peasant |
| 6:55 | Peasant |
| 6:55 | Peasant |
| 7:22 | Farm |
| 7:48 | Improved Lumber Harvesting |
| 7:50 | Rifleman |
| 8:14 | Scroll of Town Portal |
| 8:25 | Storm Bolt |
| 8:59 | Rifleman |
| 9:00 | Rifleman |
| 9:22 | Workshop |
| 9:38 | Castle |
| 10:00 | Rifleman |
| 10:16 | Black Gunpowder |
| 10:47 | Rifleman |
| 10:49 | Scroll of Town Portal |
| 10:50 | Lesser Clarity Potion |
| 11:02 | Flare |
| 11:03 | Mortar Team |
| 11:39 | Farm |
| 12:00 | Fragmentation Shards |
| 12:32 | Farm |
| 12:37 | Mortar Team |
| 12:48 | Studded Leather Armor |
| 13:34 | Scout Tower |
| 13:37 | Rifleman |
| 13:38 | Long Rifles |
| 13:41 | Mortar Team |
| 13:43 | Potion of Healing |
| 13:44 | Orb of Fire |
| 14:03 | Guard Tower |
| 14:06 | Farm |
| 14:40 | Thunder Clap |
| Right click | 453 |
| Select | 327 |
| Select group | 255 |
| Misc. action | 54 |
| Build/train/purchase | 52 |
| Assign group | 16 |
| Use ability | 10 |
| Minimap ping | 1 |
⇛